 Dungeon Crawl Stone Soup version 0.28.0-1-gb440e238dd (webtiles) character file.

Game seed: 6392686676190864455

405 mortz the Conjurer (level 7, -3/44 (47) HPs)
             Began as a Human Conjurer on Feb 25, 2022.
             Slain by a wight (13 damage)
             ... on level 3 of the Dungeon.
             The game lasted 00:26:40 (4573 turns).

mortz the Conjurer (Human Conjurer)                 Turns: 4573, Time: 00:26:41

HP:   -3/44 (47)    AC:  5    Str:  8    XL:     7   Next: 12%
MP:   4/12          EV: 11    Int: 20    God:
Gold: 74            SH:  5    Dex: 11    Spells: 9/12 levels left

rFire   . . .      SeeInvis .   q - +2 dagger (venom) {short}
rCold   . . .      Faith    .   (no shield)
rNeg    . . .      Spirit   .   f - +0 leather armour
rPois   .          Reflect  +   l - +0 helmet
rElec   .          Harm     .   (no cloak)
rCorr   .          Rampage  .   m - +0 pair of gloves
Will    .....                   (no boots)
Stlth   ++........              e - amulet of reflection
HPRegen 0.14/turn               (no ring)
MPRegen 0.13/turn               (no ring)

@: drained
A: no striking features
a: no special abilities


You were on level 3 of the Dungeon.
You visited 1 branch of the dungeon, and saw 4 of its levels.

You collected 110 gold pieces.
You spent 36 gold pieces at shops.


   Skills:
 + Level 0.4 Fighting
 * Level 2.2 Short Blades
 + Level 0.5 Staves
 + Level 2.6 Dodging
 + Level 3.1 Stealth
 + Level 0.2 Shields
 + Level 3.3 Spellcasting
 + Level 6.0 Conjurations


You had 9 spell levels left.
You knew the following spells:

 Your Spells              Type           Power      Damage    Failure   Level
a - Magic Dart            Conj           100%       1d8       1%          1
b - Searing Ray           Conj           54%        2d6       2%          2

Your spell library contained the following spells:

 Spells                   Type           Power      Damage    Failure   Level
 Dazzling Flash           Conj/Hex       30%        N/A       17%         3
 Blink                    Tloc           6%         N/A       30%         2
 Fulminant Prism          Conj/Hex       7%         3d7       50%         4
 Iskenderun's Mystic Bla  Conj/Tloc      15%        2d5       50%         4
 Lesser Beckoning         Tloc           3%         N/A       52%         3
 Ozocubu's Armour         Ice            3%         N/A       52%         3
 Manifold Assault         Tloc           3%         N/A       99%         5
 Summon Forest            Summ/Tloc      1%         N/A       99%         5
 Eringya's Noxious Bog    Tmut/Pois      1%         N/A       100%        6
 Ozocubu's Refrigeration  Ice            1%         4d5       100%        7
 Summon Hydra             Summ           1%         N/A       100%        7

Inventory:

Hand Weapons
 k - a +0 mace {mace}
   (You found it on level 2 of the Dungeon)
 q - a +2 dagger of venom (weapon) {short}
   (You took it off a goblin on level 3 of the Dungeon)
 s - a +0 spear {polearm}
   (You took it off a gnoll on level 3 of the Dungeon)
Missiles
 o - 5 javelins {throwing}
Armour
 a - a +0 robe
 f - a +0 leather armour (worn)
   (You took it off Eustachio on level 4 of the Dungeon)
 g - a +0 ring mail
   (You found it on level 1 of the Dungeon)
 l - a +0 helmet (worn)
   (You found it on level 2 of the Dungeon)
 m - a +0 pair of gloves (worn)
   (You found it on level 2 of the Dungeon)
Magical Staves
 i - a staff of poison {!astaff}
   (You found it on level 2 of the Dungeon)
Jewellery
 e - an amulet of reflection (around neck)
   (You took it off a kobold on level 1 of the Dungeon)
Scrolls
 j - 4 scrolls of identify {@r1}
 p - a scroll of vulnerability {unknown}
Potions
 b - a potion of magic {unknown}
 c - 2 potions of ambrosia
 d - a potion of curing {unknown}
 h - a potion of cancellation {unknown}
 n - a potion of haste {unknown}
 r - a potion of degeneration {unknown}
 t - a potion of brilliance {unknown}

Dungeon Overview and Level Annotations

Branches:
Dungeon (4/15)
 Temple: D:4-7

Altars:
Ru

Shops:
D:1 (   D:3 ?:

Annotations:
D:4 Robin

######### #.#..##.# #.#.....# #
#....##.# # #.#..##.# # ##.#..##.#
# ...#..##.# ####
####..##.#####################...
#.#.#.#.#.#.#@#.#.#.#.#.#.#.#.
####..#.#.#.#.#z#)#.#.#.#.#.#.#.#
...#.#.#.#.#.#.#.#.#.#.#.#.#.#.#.
...#..#.#.#.#.#.#.#.#.#.#.#.#.#.#
####.#.#)#.#.#.#.#.#.#.#.#.#.#.#.
).....#.#)#.#.#.#.#.#.#.#.#โ€
#.#.#
######.#.#.#.#.#.#.#.#.#.#.#.#.#.
###...#.#.#.#.#.#.#.#.#..........
.....#.#.#.#.#.#.#.#.#รท#.#.#.#.#.


You could see a wight.


Message History

๐Ÿ˜Ž MP[-1]
You lost 1 mp, and now have 7/11 mp.
Aiming: Magic Dart (safe; 1% risk of failure)
Press: ? - help, Q - select action, (/) - cycle Shift-Dir - straight line, f/p - orc wizard
Aim: an orc wizard, wielding a +0 dagger and wearing a +0 robe (severely wounded, 100% to hit)
The magic dart hits the orc wizard.
The orc wizard gestures at you while chanting.
The magic dart hits you! ๐Ÿ˜• HP[-9] MP[-1]
You take 9 damage, and now have 38/47 hp.
You lost 1 mp, and now have 6/11 mp.
Casting: Magic Dart (safe; 1% risk of failure)
Confirm with . or Enter, or press ? or * to list all spells.
Aiming: Searing Ray (safe; 2% risk of failure)
Press: ? - help, Shift-Dir - straight line, f/p - orc wizard
Aim: an orc wizard, wielding a +0 dagger and wearing a +0 robe (almost dead, 74% to hit)
The searing ray misses the orc wizard. (Press . to maintain the ray.) ๐Ÿ˜• MP[-2]
You lost 2 mp, and now have 4/11 mp.
The searing ray hits the orc wizard!
You kill the orc wizard! ๐Ÿ˜• MP[-1]
You start resting. ๐Ÿ˜Ž HP[+9] MP[+8]
Your hp is fully restored (47).
You regained 8 mp, and now have 11/12 mp.
You start resting. ๐Ÿ˜Ž MP[+1]
Your mp is fully restored (12). 2 wights come into view.
A wight is wielding a +3 great sword of freezing. 2 orcs and an orc priest come into view.
The orc shouts!
The orc priest shouts!
You hear a shout!
Things that are here:
a +0 dagger {short}; a +0 robe; an orc corpse An orc comes into view.
It is wielding a +0 dagger.
A wight comes into view. It is wielding a +2 mace.
The orc shouts! x2
An ufetubus comes into view.
A wight comes into view. It is wielding a +5 dagger.
You block the wight's attack.
The orc priest mumbles some strange prayers to Beogh against you.
Beogh smites you!
There is a stone staircase leading up here. ๐Ÿ˜• HP[-8]
You take 8 damage, and now have 39/47 hp.
You block the wight's attack.
The wight hits you with a +3 great sword of freezing!
You feel drained. The wight freezes you.
You climb upwards.
There is a stone staircase leading down here. ๐Ÿ˜ฎ HP[-14]
You now have 45 max hp (-2).
You take 14 damage, and now have 25/45 hp.
MASSIVE DAMAGE!! (PAUSE)
Casting: Searing Ray (safe; 2% risk of failure)
Confirm with . or Enter, or press ? or * to list all spells.
Aiming: Searing Ray (safe; 2% risk of failure)
Press: ? - help, Shift-Dir - straight line, f - wight
Aim: a wight, wielding a +3 great sword of freezing and wearing a +0 robe (79% to hit)
The searing ray hits the wight. (Press . to maintain the ray.)
The wight closely misses you.
The wight barely misses you. ๐Ÿ˜ฎ MP[-2]
You lost 2 mp, and now have 10/12 mp.
The searing ray hits the wight.
The wight barely misses you.
The wight closely misses you. ๐Ÿ˜ฎ MP[-1]
You lost 1 mp, and now have 9/12 mp.
The searing ray hits the wight!
The wight barely misses you. The wight hits you with a +5 battleaxe!
* * * LOW HITPOINT WARNING * * *
You feel drained.
* * * LOW HITPOINT WARNING * * *
๐Ÿ˜ฑ HP[-15] MP[-1]
You now have 44 max hp (-1).
You take 15 damage, and now have 10/44 hp.
MASSIVE DAMAGE!! (PAUSE)
You lost 1 mp, and now have 8/12 mp.
The searing ray misses the wight.
You finish channelling your searing ray.
The wight closely misses you.
The wight barely misses you. ๐Ÿ˜ฑ MP[-1]
You lost 1 mp, and now have 7/12 mp.
Casting: Searing Ray (safe; 2% risk of failure)
Confirm with . or Enter, or press ? or * to list all spells.
Aiming: Searing Ray (safe; 2% risk of failure)
Press: ? - help, Shift-Dir - straight line, f/p - wight
Aim: a wight, wielding a +3 great sword of freezing and wearing a +0 robe (severely damaged, 79% to hit)
The searing ray hits the wight. (Press . to maintain the ray.)
You block the wight's attack.
The wight barely misses you. ๐Ÿ˜ฑ MP[-2]
You lost 2 mp, and now have 5/12 mp.
The searing ray hits the wight.
You destroy the wight!
The wight hits you with a +5 battleaxe!
You die...

Skill      XL: |  1  2  3  4  5  6  7 |
---------------+----------------------+-----
Conjurations   | 5 6 |  6.0
Short Blades   | 1 2 |  2.2
Spellcasting   | 3 |  3.3
Stealth        | 3 |  3.1
Fighting       | |  0.4
Staves         | |  0.5
Dodging        | |  2.6
Shields        | |  0.2

Action                   |  1- 3 |  4- 6 |  7- 9 || total
-------------------------+-------+-------+-------++-------
Melee: Staff             |       |     7 |       ||     7
       Dagger            |       |    21 |       ||    21
 Cast: Magic Dart        |    53 |    33 |     5 ||    91
       Searing Ray       |     6 |    22 |     4 ||    32
  Use: Scroll            |       |     1 |       ||     1
 Stab: Paralysed         |       |     1 |       ||     1
       Sleeping          |       |     1 |       ||     1
       Distracted        |       |     1 |       ||     1
Armor: Robe              |       |    19 |       ||    19
Dodge: Dodged            |     4 |    41 |     8 ||    53
Block: Other             |       |    14 |     3 ||    17

Levels and vault maps discovered:
D:1:      scummos_arrival_forest, layout_loops_ring, serial_shops,
          shop_fountains, dreamdust_ecumenical_altar_sealed_demon,
          minmay_misc_feat_room, minmay_distorted
D:2:      layout_loops_corners, chequers_serial_rivers_marsh
D:3:      minmay_angry_zag, layout_basic, nicolae_ru_great_annihilating_truth,
          serial_shops, nicolae_square_shop, nicolae_square_shop,
          minmay_misc_feat_rows
D:4:      layout_layer_cave, minmay_temple_entry_water_ring,
          minmay_tree_intersection, roderic_serpentine_path, uniq_robin,
          uniq_eustachio, uniq_edmund

Notes
Turn   | Place    | Note
-------+----------+-------------------------------------------
     0 | D:1      | mortz the Human Conjurer began the quest for the Orb.
     0 | D:1      | Reached XP level 1. HP: 13/13 MP: 3/3
     0 | D:1      | magus.rc [v1.9.6]
   264 | D:1      | Found Noollaru's Antique Weapon Emporium.
   295 | D:1      | Reached XP level 2. HP: 19/19 MP: 0/5
   372 | D:1      | Learned a level 2 spell: Searing Ray
   756 | D:1      | Reached XP level 3. HP: 24/24 MP: 2/6
   933 | D:1      | You add the spells Summon Forest, Eringya's Noxious Bog and
                  | Summon Hydra to your library.
  1016 | D:1      | Found a faded altar of an unknown god.
  1016 | D:1      | Noticed a sixfirhy
  1285 | D:2      | You pick up a book of Spatial Translocations and begin
                  | reading...
  1285 | D:2      | You add the spells Blink, Lesser Beckoning and Manifold
                  | Assault to your library.
  1489 | D:2      | Reached skill level 5 in Conjurations
  1780 | D:2      | Reached XP level 4. HP: 30/30 MP: 5/7
  2511 | D:3      | Found Teirgh's Book Boutique.
  2606 | D:3      | You add the spells Ozocubu's Armour and Ozocubu's
                  | Refrigeration to your library.
  2660 | D:3      | Found a sacrificial altar of Ru.
  2672 | D:3      | Reached XP level 5. HP: 34/35 MP: 0/8
  3089 | D:3      | Found Duov Afi's Magic Scroll Emporium.
  3098 | D:3      | Bought a scroll of identify for 24 gold pieces
  3098 | D:3      | Bought a scroll of noise for 12 gold pieces
  3302 | D:3      | Reached skill level 1 in Short Blades
  3741 | D:3      | Reached XP level 6. HP: 41/41 MP: 6/10
  3825 | D:3      | Reached skill level 3 in Spellcasting
  4025 | D:4      | Noticed Robin
  4296 | D:4      | Noticed Eustachio
  4308 | D:4      | Killed Eustachio
  4309 | D:4      | Reached skill level 2 in Short Blades
  4309 | D:4      | Reached skill level 3 in Stealth
  4309 | D:4      | Reached XP level 7. HP: 44/47 MP: 1/11
  4457 | D:4      | Reached skill level 6 in Conjurations
  4570 | D:3      | HP: 10/44 [wight (3)]
  4573 | D:3      | Slain by a wight

Vanquished Creatures
  Eustachio (D:4)
  A wight (D:3)
  A gnoll shaman (D:3)
  2 orc wizards
  3 gnolls (D:3)
  7 adders
  A howler monkey skeleton (D:4)
  A dart slug (D:1)
  10 endoplasms
  6 giant cockroaches
  5 goblins
  7 hobgoblins
  8 kobolds
  4 quokkas
  11 ball pythons
  4 bats
  4 frilled lizards (D:1)
  2 rats (D:2)
78 creatures vanquished.

Table legend:
 A = Non-vault XP
 B = Vault XP
 C = Vault XP percentage of total XP
 D = Non-vault monster count
 E = Vault monster count
 F = Vault count percentage of total count
                 A         B        C        D         E       F
            +---------+---------+-------+---------+---------+-------
      Total |     327 |     311 |  48.7 |      59 |      19 |  24.4
            +---------+---------+-------+---------+---------+-------
        D:1 |      40 |       3 |   7.0 |      24 |       2 |   7.7
        D:2 |      62 |       0 |   0.0 |      16 |       0 |   0.0
        D:3 |     176 |     100 |  36.2 |      17 |      16 |  48.5
        D:4 |      49 |     208 |  80.9 |       2 |       1 |  33.3
            +---------+---------+-------+---------+---------+-------

Illustrated notes

Table legend:
 A = Kills in this place as a percentage of kills in entire the game.
 B = Kills by you in this place as a percentage of kills by you in the entire game.
 C = Kills by friends in this place as a percentage of kills by friends in the entire game.
 D = Other kills in this place as a percentage of other kills in the entire game.
 E = Experience gained in this place as a percentage of experience gained in the entire game.
 F = Experience gained in this place divided by the number of levels of this place that you have seen.
                   A       B       C       D       E      F
               +-------+-------+-------+-------+-------+----------------------
         Total | 100.0 | 100.0 |   N/A |   N/A | 100.0 | 159.5
       Dungeon | 100.0 | 100.0 |   N/A |   N/A | 100.0 | 159.5
               +-------+-------+-------+-------+-------+----------------------

Table legend: (Time is in decaauts)
 A = Elapsed time spent in this place.
 B = Non-inter-level travel time spent in this place.
 C = Inter-level travel time spent in this place.
 D = Time resting spent in this place.
 E = Time spent auto-exploring this place.
 F = Levels seen in this place.
 G = Mean time per level.
                   A        B        C        D        E       F      G
               +--------+--------+--------+--------+--------+-----+--------+
         Total |   4574 |   4448 |    126 |   1865 |   1999 |   4 | 1143.5 |
       Dungeon |   4574 |   4448 |    126 |   1865 |   1999 |   4 | 1143.5 |
               +--------+--------+--------+--------+--------+-----+--------+

Top non-repeatable levels by time:
     D:3: 1810 daAuts
     D:1: 1282 daAuts
     D:2: 1194 daAuts
     D:4: 286 daAuts
